 Dungeon Crawl Stone Soup version 0.29.1-2-gbd0b4ee654 (webtiles) character file.

Game seed: 2477250611838088779

2542 concernfroge the Fighter (level 9, 0/78 HPs)
             Began as a Mummy Monk on Nov 20, 2022.
             Was an Initiate of Gozag.
             Slain by a steam dragon (2 damage)
             ... on level 7 of the Dungeon.
             The game lasted 00:24:53 (9715 turns).

concernfroge the Fighter (Mummy Monk)               Turns: 9715, Time: 00:24:55

Health: 0/78       AC: 15    Str: 18    XL:     9   Next: 30%
Magic:  9/9        EV:  5    Int: 10    God:    Gozag
Gold:   1046       SH:  0    Dex: 14    Spells: 8/8 levels left

rFire   x . .      SeeInvis .   b - +1 glaive (vamp)
rCold   + . .      Faith    .   (shield currently unavailable)
rNeg    + + +      Spirit   .   p - +0 plate armour
rPois   ∞          Reflect  .   d - +1 helmet
rElec   .          Harm     .   l - +0 cloak
rCorr   .          Rampage  .   k - +0 pair of gloves
Will    +....                   v - +0 pair of boots
Stlth   ..........              m - amulet of the acrobat
HPRegen 0.23/turn               u - ring of flight
MPRegen 0.11/turn               (no ring)

@: flying
A: cold resistance 1, negative energy resistance 3, torment resistance 2, heat
vulnerability 1, in touch with death 1, no potions
a: Renounce Religion, Potion Petition, Call Merchant, Bribe Branch


You were on level 7 of the Dungeon.
You worshipped Gozag.
Gozag was most pleased with you.
You visited 2 branches of the dungeon, and saw 8 of its levels.

You collected 1046 gold pieces.

Inventory:

Hand Weapons
 a - a +0 trident
 b - a +1 vampiric glaive (weapon)
Missiles
 e - 13 poisoned darts (quivered)
 f - 3 boomerangs of dispersal
 g - 6 boomerangs
Armour
 d - a +1 helmet (worn)
 h - a +0 buckler
 k - a +0 pair of gloves (worn)
 l - a +0 cloak (worn)
 p - a +0 plate armour (worn)
 v - a +0 pair of boots (worn)
Jewellery
 m - an amulet of the acrobat (around neck)
 s - a +6 ring of dexterity
 u - a ring of flight (left hand)
Wands
 c - a wand of digging (9)
 o - a wand of polymorph (3)
 t - a wand of iceblast (7)
Scrolls
 i - a scroll of butterflies
 j - 3 scrolls of vulnerability
 n - a scroll of immolation
 q - 2 scrolls of amnesia
 r - 4 scrolls of noise


   Skills:
 - Level 10.0 Fighting
 + Level 7.5 Polearms
 - Level 2.4 Dodging
 - Level 1.5 Stealth


You had 8 spell levels left.
You didn't know any spells.
Your spell library contained the following spells:

 Spells                   Type           Power      Damage    Failure   Level
 Shock                    Conj/Air       0%         1d3       100%        1
 Dazzling Flash           Conj/Hex       0%         N/A       100%        3
 Swiftness                Air            0%         N/A       100%        3
 Airstrike                Air            0%         2d(0-16)  100%        4
 Agony                    Necr           0%         N/A       100%        5
 Silence                  Hex/Air        0%         N/A       100%        5


Dungeon Overview and Level Annotations

Branches:
Dungeon (7/15)             Temple (1/1) D:4

Altars:
Ashenzari
Cheibriados
Dithmenos
Fedhas
Gozag
Hepliaklqana
Kikubaaqudgha
Nemelex Xobeh
Okawaru
Qazlal
Ru
Sif Muna
Trog
Uskayaw
Vehumet
Wu Jian
Yredelemnul


Innate Abilities, Weirdness & Mutations

You are immune to poison.
Your flesh is cold resistant. (rC+)
You are immune to negative energy. (rN+++)
You are immune to unholy pain and torment.
You are vulnerable to heat. (rF-)
You are in touch with the powers of death.
You do not drink.


Message History

Something hits you but does no damage. x2
You slice something!!
You feel better.
Reactivating autopickup.
You feel a bit more experienced.
You now have 1046 gold pieces (gained 10).
Things that are here:
a +0 dagger; a +0 robe; a +0 club Search for what [Enter for "."]? .
A steam dragon comes into view.
The steam dragon hisses angrily.
The steam dragon breathes steam at you. The ball of steam hits you!!
The steam scalds you terribly!
No target in view!
No target in view!
No target in view!
No target in view!
You are engulfed in a cloud of scalding steam.
You are engulfed in a cloud of scalding steam.
You hit the steam dragon but do no damage.
You are engulfed in a cloud of scalding steam.
The steam dragon bites you but does no damage.
The steam dragon claws you but does no damage.
You hit the steam dragon.
You feel better.
The steam dragon is lightly wounded.
The steam dragon bites you but does no damage.
The steam dragon closely misses you.
The steam dragon bites you but does no damage.
The steam dragon barely misses you.
You barely miss the steam dragon.
The steam dragon is lightly wounded.
The steam dragon breathes steam at you. The ball of steam hits you!!
The steam scalds you terribly!
* * * LOW HITPOINT WARNING * * *
You slash the steam dragon!
You feel better.
The steam dragon is severely wounded.
You are engulfed in a cloud of scalding steam.
* * * LOW HITPOINT WARNING * * *
The steam dragon bites you.
You die...
Your body crumbles into a pile of gold.

####.#.####
####..#
#.#....#
#..#
#.####.#
#..# #.#
#.# #[.#
#.# #.# #.
..# #§# ###
#§# #§# #@#
#D# #.# #.#
$ #.# #.#
#.# ..#


You could see a steam dragon.

Vanquished Creatures
  A steam dragon (D:7)
  4 water moccasins
  An orc warrior (D:7)
  2 black bears
  2 centaurs (D:6)
  A phantom (D:7)
  An ogre (D:6)
  2 kobold brigands (D:6)
  A bullfrog (D:6)
  3 necrophages
  5 scorpions
  3 wights (D:6)
  A howler monkey (D:6)
  An orc priest (D:4)
  2 hounds
  A jelly (D:7)
  4 iguanas
  2 orc wizards (D:7)
  Robin (D:4)
  5 gnolls
  6 adders
  2 white imps
  2 worms
  2 dart slugs
  11 orcs
  5 ball pythons
  7 endoplasms
  8 goblins
  11 hobgoblins
  12 jackals
  21 kobolds
  3 quokkas
  3 bats
  2 frilled lizards
  5 rats
143 creatures vanquished.

Notes
Turn   | Place    | Note
-------+----------+-------------------------------------------
     0 | D:1      | concernfroge the Mummy Monk began the quest for the Orb.
     0 | D:1      | Reached XP level 1. HP: 18/18 MP: 1/1
   795 | D:1      | Reached XP level 2. HP: 24/24 MP: 2/2
  1073 | D:1      | Found a faded altar of an unknown god.
  1543 | D:2      | Reached skill level 4 in Fighting
  1557 | D:2      | Gained mutation: You are in touch with the powers of death.
                  | [Mummy growth]
  1557 | D:2      | Reached XP level 3. HP: 28/30 MP: 3/3
  1841 | D:2      | Found a shadowy altar of Dithmenos.
  3090 | D:3      | Reached XP level 4. HP: 35/38 MP: 4/4
  3096 | D:3      | Reached skill level 5 in Fighting
  3280 | D:4      | Noticed a scorpion
  3302 | D:4      | Killed a scorpion
  3481 | D:4      | Noticed a scorpion
  3509 | D:4      | Killed a scorpion
  3510 | D:4      | Reached skill level 6 in Fighting
  3510 | D:4      | Reached XP level 5. HP: 34/46 MP: 5/5
  3589 | D:4      | Noticed a water moccasin
  3638 | D:4      | Killed a water moccasin
  3639 | D:4      | Reached XP level 6. HP: 21/53 MP: 6/6
  3867 | D:4      | Reached skill level 7 in Fighting
  4127 | D:4      | Found a shimmering blue altar of Sif Muna.
  4246 | D:4      | Found a staircase to the Ecumenical Temple.
  4257 | Temple   | Entered the Ecumenical Temple
  4376 | Temple   | Became a worshipper of Gozag Ym Sagoz the Greedy
  4664 | D:4      | Noticed Robin
  4674 | D:4      | Killed Robin
  5129 | D:4      | Reached skill level 8 in Fighting
  5129 | D:4      | Reached XP level 7. HP: 52/62 MP: 7/7
  6189 | D:5      | Entered Level 5 of the Dungeon
  6503 | D:5      | Reached skill level 9 in Fighting
  7336 | D:5      | Reached XP level 8. HP: 62/72 MP: 8/8
  7632 | D:6      | Reached skill level 10 in Fighting
  7698 | D:6      | Identified a scroll of acquirement
  7698 | D:6      | Acquired a +1 vampiric glaive
  7878 | D:6      | Found a hazy altar of Hepliaklqana.
  7878 | D:6      | Found an ornate altar of the Wu Jian Council.
  7878 | D:6      | Found a snail-covered altar of Cheibriados.
  7880 | D:6      | Found a stormy altar of Qazlal.
  7880 | D:6      | Found an ancient bone altar of Kikubaaqudgha.
  7882 | D:6      | Found a shadowy altar of Dithmenos.
  7882 | D:6      | Found a sacrificial altar of Ru.
  7885 | D:6      | Found a radiant altar of Vehumet.
  7885 | D:6      | Found a broken altar of Ashenzari.
  7885 | D:6      | Found an iron altar of Okawaru.
  8230 | D:6      | Reached skill level 5 in Polearms
  9228 | D:7      | Reached XP level 9. HP: 78/78 MP: 9/9
  9715 | D:7      | HP: 2/78 [steam dragon] (12)]
  9715 | D:7      | Slain by a steam dragon

Illustrated notes

Levels and vault maps discovered:
D:1:      minmay_arrival_four_circles, layout_loops_cross,
          dilly_ecumenical_altar_fadedgnrine, minmay_close_crescents
D:2:      layout_basic, basic_altar
D:3:      layout_basic, minmay_misc_feat_ornament, minmay_statues_item,
          grunt_decor_junction, minmay_misc_feat_rows, kennysheep_nondescript,
          minmay_randomly_rotated_circles
D:4:      layout_basic, nicolae_sif_muna_condensation,
          minmay_temple_entry_overgrown, uniq_robin
D:5:      layout_loops_corners, elyvilon_altar_3, grunt_ministairs_10,
          minmay_misc_feat_tower
D:6:      layout_basic, nicolae_overflows_in_rows
D:7:      layout_loops_ring, nrook_loot_triangle
Temple:   nicolae_temple_ecumenical_triangle

Skill      XL: |  1  2  3  4  5  6  7  8  9 |
---------------+----------------------------+-----
Fighting       | 4 6 8 9 10 | 10.0
Polearms       | 6 7 |  7.5
Dodging        | |  2.4
Stealth        | |  1.5

Action                   |  1- 3 |  4- 6 |  7- 9 || total
-------------------------+-------+-------+-------++-------
Melee: Spear             |   161 |   194 |    12 ||   367
       Trident           |       |       |   153 ||   153
       Glaive            |       |       |   179 ||   179
Throw: Dart              |     2 |    11 |    10 ||    23
       Boomerang         |       |     7 |       ||     7
  Use: Scroll            |       |     7 |     3 ||    10
 Stab: Sleeping          |     8 |       |       ||     8
       Distracted        |       |     1 |     1 ||     2
Armor: Robe              |    22 |       |       ||    22
       Ring mail         |    12 |    66 |       ||    78
       Scale mail        |       |     8 |     4 ||    12
       Plate armour      |       |       |   233 ||   233
Dodge: Dodged            |    80 |   115 |    89 ||   284
Block: Buckler           |     9 |    34 |    26 ||    69
